Map: Pillars of Gold LE

Players

Neeb - Winner!

  • Race: Protoss Protoss
  • League: Master
  • Spawn Location: 7:00

MCanning

  • Race: Protoss Protoss
  • Spawn Location: 1:00

Event: DreamHack SC2 Masters 2020 Fall

VOD

Have the link to the VOD?

Description

Time

  • Played on: Sept. 6, 2020, 3:18 p.m.
  • Length: 6:37

All games in this series

Show
View Real Time Build Order
Export as new Build Order

Neeb Protoss - Winner!

Build Orders: Double Forge, Oracle Opening 

Get SALT Encoding   

  12  0:00  Probe  
  13  0:12  Probe  
  14  0:18  Pylon  
  14  0:24  Probe (Chrono Boost)  
  15  0:38  Gateway, Probe (Chrono Boost)  
  16  0:43  Probe (Chrono Boost)  
  16  0:47  Assimilator  
  17  0:52  Probe  
  17  0:56  Assimilator  
  18  1:04  Probe  
  18  1:09  Forge  
  19  1:25  Cybernetics Core  
  19  1:30  Zealot  
  21  1:33  Probe  
  21  1:37  Pylon  
  21  1:39  Assimilator  
  22  1:45  Probe (Chrono Boost)  
  23  1:57  Probe (Chrono Boost)  
  24  2:01  Stalker (Chrono Boost)  
  24  2:05  Probe (Chrono Boost)  
  27  2:11  Probe  
  28  2:23  Probe  
  28  2:28  Stargate  
  29  2:35  Probe  
  30  2:47  Nexus, Probe  
  31  2:58  Pylon  
  31  3:03  Pylon  
  31  3:11  Warp Gate  
  31  3:13  Oracle (Chrono Boost)  
  31  3:16  Probe  
  35  3:28  Probe, Pylon  
  36  3:40  Probe  
  37  3:43  Oracle  
  40  3:52  Pylon  
  40  3:54  Probe (Chrono Boost)  
  41  4:00  Twilight Council  
  41  4:01  Probe (Chrono Boost)  
  44  4:10  Probe x2 (Chrono Boost)  
  44  4:15  Probe (Chrono Boost)  
  45  4:17  Probe  
  46  4:27  Forge, Probe  
  46  4:29  Probe  
  50  4:35  Gateway x2  
  48  4:39  Probe  
  48  4:41  Dark Shrine  
  50  4:45  Probe  
  50  4:51  Probe  
  51  4:57  Probe  
  51  4:58  Assimilator  
  51  4:59  Stalker  
  54  5:00  Pylon  
  54  5:02  Assimilator  
  54  5:08  Probe  
  54  5:10  Probe  
  56  5:25  Probe x2, Pylon  
  58  5:31  Nexus  
  58  5:37  Probe  
  58  5:39  Probe  
  60  5:45  Robotics Facility  
  60  5:48  Gateway  
  60  5:49  Sentry  
  62  5:50  Gateway  
  62  5:54  Probe x2  
  64  5:58  Stalker  
  64  6:01  Dark Templar  
  68  6:06  Probe  
  68  6:08  Shield Battery, Probe  
  70  6:13  Stalker  
  73  6:18  Probe  
  73  6:20  Probe  
  74  6:32  Dark Templar  
Show
View Real Time Build Order
Export as new Build Order

MCanning Protoss 

Build Orders: 1 Gate Expand 

Get SALT Encoding   

  12  0:00  Probe  
  13  0:12  Probe  
  14  0:20  Pylon  
  14  0:24  Probe  
  15  0:38  Probe (Chrono Boost)  
  15  0:40  Gateway  
  16  0:49  Probe (Chrono Boost)  
  17  0:50  Assimilator  
  17  0:54  Probe (Chrono Boost)  
  18  1:02  Pylon  
  18  1:05  Probe  
  19  1:12  Pylon  
  19  1:17  Probe  
  20  1:37  Nexus  
  20  1:48  Cybernetics Core  
  20  1:52  Probe  
  21  2:00  Assimilator  
  21  2:04  Pylon  
  21  2:07  Probe  
  22  2:12  Unknown  
  22  2:13  Unknown x2  
  22  2:18  Pylon  
  22  2:20  Probe  
  23  2:23  Sentry (Chrono Boost)  
  25  2:32  Probe  
  26  2:40  Warp Gate (Chrono Boost), Stalker (Chrono Boost)  
  28  2:44  Probe  
  28  2:47  Shield Battery  
  29  2:56  Probe  
  29  2:59  Gateway  
  29  3:04  Probe (Chrono Boost)  
  30  3:06  Sentry  
  32  3:13  Shield Battery  
  32  3:19  Probe (Chrono Boost)  
  34  3:20  Probe (Chrono Boost)  
  34  3:25  Probe  
  35  3:28  Probe  
  36  3:37  Probe  
  36  3:41  Probe  
  38  3:43  Twilight Council  
  38  3:53  Probe x2 (Chrono Boost)  
  40  4:01  Pylon, Stalker x2  
  42  4:03  Probe (Chrono Boost)  
  42  4:05  Probe (Chrono Boost)  
  42  4:08  Probe (Chrono Boost)  
  40  4:14  Probe  
  42  4:19  Probe (Chrono Boost)  
  42  4:20  Stalker  
  42  4:21  Stalker  
  47  4:29  Blink (Chrono Boost)  
  49  4:31  Probe x2 (Chrono Boost)  
  50  4:39  Probe (Chrono Boost)  
  50  4:40  Probe (Chrono Boost), Pylon  
  50  4:42  Forge  
  51  4:48  Stalker  
  51  4:50  Probe  
  54  4:57  Pylon  
  54  4:58  Probe  
  55  5:00  Stalker  
  55  5:02  Probe  
  58  5:25  Nexus  
  58  5:28  Pylon  
  57  5:32  Gateway, Probe  
  57  5:34  Gateway  
  58  5:38  Templar Archives  
  58  5:44  Gateway  
  58  5:45  Probe  
  58  5:49  Gateway  
  59  5:50  Probe  
  60  5:57  Probe  
  60  6:02  Probe  
  60  6:03  Assimilator  
  60  6:04  Assimilator  
  62  6:09  Gateway, Probe  
  63  6:14  Probe, Pylon  
  64  6:21  Probe  
  64  6:25  Robotics Facility  

Tags
 
Add a new tag
Caveats
  • Supply blocks, unpowered buildings, or Contaminate may cause inaccurate times.
  • Supply counts are checked every 10 seconds.